 Dungeon Crawl Stone Soup version 0.24-a0-616-ge2a249a (console) character file.

Game seed: 8986616922855076933, levelgen mode: deterministic

135 vegansnacktivist the Sneak (level 4, 0/19 HPs)
             Began as a Felid Transmuter on Sept 14, 2019.
             Killed from afar by an orc wizard (12 damage)
             ... with a puff of flame
             ... on level 3 of the Dungeon.
             The game lasted 00:06:35 (4301 turns).

vegansnacktivist the Sneak (Felid Transmuter)       Turns: 4301, Time: 00:06:35

Health: 0/19       AC:  1    Str:  7    XL:     4   Next: 97%
Magic:  1/8        EV: 18    Int: 16    God:
Gold:   72         SH:  0    Dex: 16    Spells: 1/7 levels left
                                        Lives:  0   Deaths: 1

rFire    . . .     SeeInvis +     - Unarmed
rCold    . . .     Gourm    .   (shield unavailable)
rNeg     . . .     Faith    .   (armour unavailable)
rPois    .         Spirit   .   (helmet unavailable)
rElec    .         Reflect  .   (cloak unavailable)
rCorr    .         Harm     .   (gloves unavailable)
MR       +....                  (boots unavailable)
Stlth    +++.......             (no amulet)
HPRegen  0.06/turn              j - ring of attention (curse)
MPRegen  0.11/turn              (no ring)

@: very slightly contaminated, quick
A: very small, no armour, no weapons or thrown items, stealth, claws 1, fangs 3,
see invisible, carnivore, clever 1, speed 1, magic resistance 1, shaggy fur 1,
slow metabolism 1, sharp paws
a: no special abilities


You were on level 3 of the Dungeon.
You were full.

You visited 1 branch of the dungeon, and saw 3 of its levels.

You collected 72 gold pieces.

Inventory:

Missiles
 a - 23 arrows
Jewellery
 j - a cursed ring of attention (left paw)
Scrolls
 e - 3 scrolls of teleportation
 f - 2 scrolls of identify
 k - a scroll of magic mapping {unknown}
 l - a scroll of remove curse {unknown}
 n - 2 scrolls of blinking {unknown}
 p - a scroll of enchant weapon {unknown}
Potions
 b - 3 potions of curing
 d - 2 potions of agility
 g - a potion of magic {unknown}
 h - a potion of might
 i - a potion of invisibility
 o - a potion of heal wounds {unknown}
Comestibles
 c - 4 rations


   Skills:
 - Level 1.0 Fighting
 - Level 2.6 Dodging
 + Level 7.7 Stealth
 - Level 3.0 Unarmed Combat
 - Level 2.0 Spellcasting
 - Level 2.1 Transmutations


You had one spell level left.
You knew the following spells:

 Your Spells              Type           Power        Failure   Level  Hunger
a - Beastly Appendage     Tmut           #.....       9%          1    #......
b - Sticks to Snakes      Tmut           #.......     13%         2    ###....
c - Spider Form           Tmut/Pois      #.........   36%         3    ###....

Your spell library contained the following spells:

 Spells                   Type           Power        Failure   Level  Hunger
 Ice Form                 Ice/Tmut       #.......     78%         4    #####..
 Blade Hands              Tmut           #.........   93%         5    ######.


Dungeon Overview and Level Annotations

Branches:
Dungeon (3/15)

Altars:


Innate Abilities, Weirdness & Mutations

You cannot wear armour.
You are incapable of wielding weapons or throwing items.
Your paws allow you to move quietly. (Stealth)
You have sharp claws.
You have razor-sharp teeth.
You have supernaturally acute eyesight. (SInv)
You are carnivorous and can eat meat at any time.
You cover ground quickly.
You are covered in fur. (AC +1)
You have a slow metabolism.
Your sharp claws are effective at attacking unaware monsters.
Your mind is acute. (Int +2)
You are resistant to hostile enchantments. (MR+)


Message History

The orc wizard barely misses you. The orc wizard casts a spell at you.
The puff of flame hits you!
* * * LOW HITPOINT WARNING * * *
You feel better. The orc wizard closely misses you.
The orc wizard begins to cast a cantrip, but forgets the words!
Casting: Spider Form (slightly dangerous; 36% risk of failure)
Confirm with . or Enter, or press ? or * to list all spells.
You miscast Spider Form.
You feel sick. The orc wizard barely misses you.
The orc wizard hits you but does no damage.
Unknown command.
Casting: Spider Form (slightly dangerous; 36% risk of failure)
Confirm with . or Enter, or press ? or * to list all spells.
You don't have enough magic to cast that spell.
Unknown command.
You closely miss the orc wizard. The orc wizard casts a spell at you.
The puff of flame hits you!
Ouch! That really hurt!
You die...

#.# ####..#.#..####.
#.. ##.#.##...... .#.
#...####..## . #.
###..###....# o
#...##....#..
##.......#####
###.....##.#
######.....#.#).#
#)oo@..##.#>...##
#)#######.#....######
#>....#
###.#.##.......
#...###.#
#.....##....... ...#
....#.##.###.......
.#
##.......###.......
..#...#...<.......
#..########...... #
...# ##...####)


You could see 2 orc wizards.

Vanquished Creatures
  2 orc wizards
  Natasha (thrice) (D:2)
  An adder (D:3)
  A dart slug (D:1)
  A leopard gecko (D:2)
  2 orcs
  4 giant cockroaches
  9 goblins
  7 hobgoblins
  9 kobolds
  A quokka (D:2)
  7 bats
  3 frilled lizards
  5 rats (D:1)
55 creatures vanquished.

Notes
Turn   | Place    | Note
-------+----------+-------------------------------------------
     0 | D:1      | vegansnacktivist the Felid Transmuter began the quest for
                  | the Orb.
     0 | D:1      | Reached XP level 1. HP: 9/9 MP: 4/4
   154 | D:1      | Reached skill level 1 in Stealth
   367 | D:1      | Reached skill level 2 in Stealth
   369 | D:1      | Reached XP level 2. HP: 8/12 MP: 4/6
   563 | D:2      | Reached skill level 3 in Stealth
  1336 | D:1      | Reached skill level 4 in Stealth
  1340 | D:1      | Reached XP level 3. HP: 14/15 MP: 7/7
  1865 | D:2      | Noticed Natasha
  2024 | D:2      | Killed Natasha
  2024 | D:2      | Reached skill level 5 in Stealth
  2249 | D:2      | Noticed Natasha
  2252 | D:2      | Reached XP level 4. HP: 15/19 MP: 8/8
  2258 | D:2      | Killed Natasha
  2264 | D:2      | Reached skill level 6 in Stealth
  2355 | D:2      | Noticed Natasha
  2367 | D:2      | Killed Natasha
  3150 | D:2      | Killed from afar by an orc wizard
  3151 | D:2      | Reached XP level 3. HP: -3/15 MP: 7/7
  3211 | D:2      | Reached skill level 7 in Stealth
  3211 | D:2      | Reached XP level 4. HP: 19/19 MP: 6/8
  3229 | D:2      | Gained mutation: You are resistant to hostile enchantments.
                  | (MR+) [potion of mutation]
  3229 | D:2      | Gained mutation: Your mind is acute. (Int +2) [potion of
                  | mutation]
  3251 | D:3      | Learned a level 2 spell: Sticks to Snakes
  3255 | D:3      | Learned a level 3 spell: Spider Form
  4301 | D:3      | Killed from afar by an orc wizard

Levels and vault maps discovered:
D:1:      mrwooster_arrival_statue, layout_basic, chequers_arboretum,
          st_stairs_1, grunt_decor_arrowhead
D:2:      layout_rooms, kennysheep_generic_room_15, uniq_natasha
D:3:      layout_rooms, lemuel_coloured_pillars_altar, uniq_jessica

Skill      XL: |  1  2  3  4 |
---------------+-------------+-----
Stealth        | 2 4 7 6 |  7.7
Fighting       | |  1.0
Dodging        | |  2.6
Unarmed Combat | |  3.0
Spellcasting   | |  2.0
Transmutations | |  2.1

Action                   |  1- 3 |  4- 6 || total
-------------------------+-------+-------++-------
Melee: Unarmed           |   112 |    82 ||   194
       Bite              |    10 |     3 ||    13
       Headbutt          |     6 |     5 ||    11
       Punch             |     2 |     1 ||     3
 Cast: Beastly Appendage |    16 |     8 ||    24
       Spider Form       |       |     2 ||     2
  Use: Scroll            |       |     6 ||     6
       Potion            |       |     2 ||     2
 Stab: Sleeping          |    10 |     4 ||    14
  Eat: Chunk             |    10 |     7 ||    17
Armor: Skin              |     7 |     5 ||    12
Dodge: Dodged            |    90 |    62 ||   152

Table legend:
 A = Non-vault XP
 B = Vault XP
 C = Vault XP percentage of total XP
 D = Non-vault monster count
 E = Vault monster count
 F = Vault count percentage of total count
                 A         B        C        D         E       F
            +---------+---------+-------+---------+---------+-------
      Total |     240 |      45 |  15.8 |      50 |       5 |   9.1
            +---------+---------+-------+---------+---------+-------
        D:1 |      34 |       8 |  19.0 |      23 |       3 |  11.5
        D:2 |     142 |      37 |  20.7 |      20 |       2 |   9.1
        D:3 |      64 |       0 |   0.0 |       7 |       0 |   0.0
            +---------+---------+-------+---------+---------+-------
